 Dungeon Sprint DCSS version 0.25.1-2-g60ff931df9 (webtiles) character file.

Game seed: 12837116108644990467

3192 listentometal the Bludgeoner (level 9, 0/89 HPs)
             Began as a Troll Berserker on Oct 23, 2020.
             Was an Elder of Trog.
             Succumbed to a hornet's poison
             ... in the Dungeon (Sprint I: "Red Sonja").
             The game lasted 00:02:19 (467 turns).

listentometal the Bludgeoner (Troll Berserker)       Turns: 467, Time: 00:02:20

Health: 0/89       AC:  6    Str: 28    XL:     9   Next: 64%
Magic:  8/8        EV: 12    Int:  4    God:    Trog [****..]
Gold:   556        SH:  0    Dex: 10    Spells: 8/8 levels left

rFire    . . .     SeeInvis .   l - +0 giant club
rCold    . . .     Gourm    +   (shield currently unavailable)
rNeg     . . .     Faith    .   b - +0 animal skin
rPois    .         Spirit   .   (helmet restricted)
rElec    .         Reflect  .   (no cloak)
rCorr    .         Harm     .   (gloves unavailable)
MR       .....     NoTele   +   (boots unavailable)
Stlth    +.........             (no amulet)
HPRegen  0.64/turn              (no ring)
MPRegen  0.11/turn              (no ring)

@: lethally poisoned (0 -> -2), berserk cooldown, slowed, very slow
A: large, unfitting armour, claws 3, fast metabolism 3, gourmand, regeneration
1, shaggy fur 1, tough skin 3
a: Berserk, Trog's Hand, Brothers in Arms, Renounce Religion


You were in the Dungeon.
You worshipped Trog.
Trog was greatly pleased with you.
You were very full.

You visited 1 branch You collected 556 gold pieces.

Inventory:

Hand Weapons
 a - a +0 mace
 l - a +0 giant club (weapon)
Armour
 b - a +0 animal skin (worn)
Wands
 j - a wand of flame (19)
Scrolls
 i - a scroll of blinking
 m - a scroll of amnesia {unknown}
 n - a scroll of identify {unknown}
Potions
 d - 3 potions of curing
 e - a potion of heal wounds
 f - a potion of haste
 g - 2 potions of magic
 h - a potion of berserk rage
 k - a potion of degeneration {unknown}
Comestibles
 o - a ration


   Skills:
 + Level 6.1 Fighting
 * Level 17.6 Maces & Flails
 + Level 6.1 Dodging


You had 8 spell levels left.
You didn't know any spells.
Your spell library was empty.

Dungeon Overview and Level Annotations

Branches:
Dungeon (1/1)

Altars:
Cheibriados
Dithmenos
Elyvilon
Fedhas
Gozag
Hepliaklqana
Kikubaaqudgha
Makhleb
Nemelex Xobeh
Okawaru
Qazlal
Ru
Sif Muna
Trog
Uskayaw
Vehumet
Wu Jian
Xom
Yredelemnul
Zin
The Shining One
Jiyva
Lugonu

Shops:
D [[


Innate Abilities, Weirdness & Mutations

You are too large for most types of armour.
You have claws for hands.
Your metabolism is lightning-fast.
You like to eat raw meat.
Your natural rate of healing is unusually fast.
You are covered in fur. (AC +1)
You have extremely tough skin. (AC +3)


Message History

You kill the hornet!
Trog accepts your kill.
Your Fighting skill increases to level 6!
Your Dodging skill increases to level 6!
* * * LOW HITPOINT WARNING * * *
You feel sick.
Unknown command.
Unknown command.
You are too berserk!
* * * LOW HITPOINT WARNING * * *
You feel sick.
You feel a strong urge to attack something.
* * * LOW HITPOINT WARNING * * *
You feel sick.
Unknown command.
Unknown command.
You are no longer berserk.
You are exhausted.
You feel as though you will be slow longer.
You die...

####################
'..#..'..#__#..'...#
#..').#..'..'..#)..#
##'#####'#__####...+
#..#...#.####§§#####
####..##(#§≈≈§§#@$#
___##'#_('§§§§.§§§#
∩...'..._#≈§§§.#§§#
.__##_.#'##'#####+#
___###+#.#....###
#### ####'###.##
+.....'[∩#
##########


There were no monsters in sight!

Vanquished Creatures
  2 centaur warriors (D)
  A deep troll (D)
  2 kobold demonologists (D)
  A hornet (D)
  A slime creature (D)
  Sigmund (D)
  A yak (D)
  A floating eye (D)
  An ogre (D)
  A jelly (D)
  Ijyb (D)
13 creatures vanquished.

Notes
Turn   | Place    | Note
-------+----------+-------------------------------------------
     0 | D        | listentometal the Troll Berserker began the quest for the
                  | Orb.
     0 | D        | Reached XP level 1. HP: 22/22 MP: 0/0
     2 | D        | Noticed Ijyb
    13 | D        | Killed Ijyb
    13 | D        | Reached skill level 5 in Maces & Flails
    13 | D        | Reached XP level 2. HP: 20/29 MP: 1/1
    56 | D        | Noticed an ogre
    60 | D        | Killed an ogre
    60 | D        | Reached skill level 8 in Maces & Flails
    60 | D        | Reached XP level 3. HP: 36/36 MP: 2/2
    60 | D        | Reached XP level 4. HP: 44/44 MP: 3/3
    97 | D        | Noticed Sigmund
   101 | D        | Killed Sigmund
   101 | D        | Reached ** piety under Trog
   101 | D        | Reached skill level 11 in Maces & Flails
   101 | D        | Reached XP level 5. HP: 50/50 MP: 4/4
   130 | D        | Found an ornate altar of the Wu Jian Council.
   130 | D        | Found a shimmering blue altar of Sif Muna.
   132 | D        | Found a radiant altar of Vehumet.
   134 | D        | Reached XP level 6. HP: 59/59 MP: 5/5
   141 | D        | Found Apolepp's Antique Armour Emporium.
   141 | D        | Found an ancient bone altar of Kikubaaqudgha.
   141 | D        | Found a hazy altar of Hepliaklqana.
   141 | D        | Found a stormy altar of Qazlal.
   141 | D        | Found a hide-covered altar of Uskayaw.
   141 | D        | Found a blossoming altar of Fedhas.
   141 | D        | Found a bloodstained altar of Trog.
   141 | D        | Found an iron altar of Okawaru.
   141 | D        | Found a basalt altar of Yredelemnul.
   141 | D        | Found a glowing golden altar of the Shining One.
   141 | D        | Found a snail-covered altar of Cheibriados.
   141 | D        | Found a sacrificial altar of Ru.
   141 | D        | Found a glowing silver altar of Zin.
   141 | D        | Found a shadowy altar of Dithmenos.
   141 | D        | Found a white marble altar of Elyvilon.
   141 | D        | Noticed a yak
   150 | D        | Killed a yak
   150 | D        | Reached skill level 13 in Maces & Flails
   151 | D        | Found an opulent altar of Gozag.
   152 | D        | Found a sparkling altar of Nemelex Xobeh.
   179 | D        | Found a burning altar of Makhleb.
   179 | D        | Found a viscous altar of Jiyva.
   179 | D        | Found a shimmering altar of Xom.
   179 | D        | Found a corrupted altar of Lugonu.
   179 | D        | Noticed a slime creature
   188 | D        | Killed a slime creature
   188 | D        | Reached *** piety under Trog
   188 | D        | Reached skill level 14 in Maces & Flails
   188 | D        | Reached XP level 7. HP: 5/66 MP: 6/6
   288 | D        | Noticed a kobold demonologist
   289 | D        | Noticed a kobold demonologist
   291 | D        | Paralysed by a floating eye for 3 turns
   293 | D        | Noticed a hellwing
   296 | D        | Killed a kobold demonologist
   296 | D        | Reached skill level 15 in Maces & Flails
   299 | D        | Killed a kobold demonologist
   299 | D        | Reached **** piety under Trog
   299 | D        | Reached XP level 8. HP: 74/74 MP: 7/7
   348 | D        | Noticed a centaur warrior
   348 | D        | Noticed a centaur warrior
   362 | D        | Killed a centaur warrior
   362 | D        | Reached skill level 16 in Maces & Flails
   364 | D        | Killed a centaur warrior
   364 | D        | Reached skill level 5 in Fighting
   364 | D        | Reached skill level 17 in Maces & Flails
   364 | D        | Reached skill level 5 in Dodging
   364 | D        | Reached XP level 9. HP: 66/88 MP: 8/8
   407 | D        | Noticed a deep troll
   412 | D        | Killed a deep troll
   425 | D        | Found Zuumeixaza's Armour Emporium.
   454 | D        | Paralysed by a hornet for 1 turns
   462 | D        | HP: 2/133 [hornet (12)]
   467 | D        | Succumbed to a hornet's poison

Illustrated notes

Levels and vault maps discovered:
D:        dungeon_sprint_1 [red_sonja_temple_1, red_sonja_temple_small_1]

Skill      XL: |  1  2  3  4  5  6  7  8  9 |
---------------+----------------------------+-----
Maces & Flails | 5 8 11 14 15 17 | 17.6
Fighting       | 5 6 |  6.1
Dodging        | 5 6 |  6.1

Action                   |  1- 3 |  4- 6 |  7- 9 || total
-------------------------+-------+-------+-------++-------
Melee: Mace              |    13 |       |       ||    13
       Giant club        |       |    20 |    38 ||    58
Invok: Berserk           |     2 |     1 |     4 ||     7
       Trog's Hand       |       |       |     2 ||     2
Evoke: Wand              |       |     1 |       ||     1
  Eat: Ration            |       |       |     2 ||     2
       Chunk             |       |       |     9 ||     9
Armor: Animal skin       |     5 |     3 |    13 ||    21
Dodge: Dodged            |     2 |     5 |    20 ||    27
